 Dungeon Crawl Stone Soup version 0.19-a0-856-g54f7fbd (webtiles) character file.

34 MrRokkomies the Grave Robber (level 3, 0/24 HPs)
             Began as a Vampire Necromancer on July 2, 2016.
             Slain by Ijyb
             ... wielding a +0 dagger
              (3 damage)
             ... on level 2 of the Dungeon.
             The game lasted 00:03:39 (798 turns).

MrRokkomies the Grave Robber (Vampire Necromancer)   Turns: 798, Time: 00:03:40

Health: 0/24       AC:  2    Str:  7    XL:     3   Next: 14%
Magic:  1/6        EV: 12    Int: 18    God:
Gold:   17         SH:  0    Dex: 14    Spells: 2 memorised, 4 levels left

rFire  . . .     SeeInvis +     d - +0 spear
rCold  . . .     Gourm    .     a - +0 robe
rNeg   + + .     Faith    .     (no shield)
rPois  .         Spirit   .     (no helmet)
rElec  .         Dismiss  .     (no cloak)
rCorr  .         Reflect  .     (no gloves)
SustAt .         Harm     .     (no boots)
MR     .....                    (no amulet)
Stlth  ++........               (no ring)
                                g - ring of positive energy

@: not resistant to hostile enchantments, unstealthy
A: fangs 3, see invisible, unbreathing
a: Bat Form


You were on level 2 of the Dungeon.
You were not thirsty.

You visited 1 branch of the dungeon, and saw 2 of its levels.

You collected 17 gold pieces.

Inventory:

Hand Weapons
 d - a +0 spear (weapon)
Missiles
 j - 7 tomahawks (quivered)
Armour
 a - a +0 robe (worn)
Jewellery
 g - a ring of positive energy (left hand)
Potions
 c - a potion of blood
 f - a potion of curing
Books
 b - a book of Necromancy

   Spells                             Type                      Level
   a - Pain                           Necromancy                   1
   b - Animate Skeleton               Necromancy                   1
   c - Vampiric Draining              Necromancy                   3
   d - Regeneration                   Charms/Necromancy            3
   e - Animate Dead                   Necromancy                   4
   f - Control Undead                 Necromancy                   4


   Skills:
 + Level 0.8 Polearms
 - Level 2.1 Dodging
 - Level 3.0 Stealth
 - Level 2.0 Spellcasting
 * Level 5.4 Necromancy


You had 4 spell levels left.
You knew the following spells:

 Your Spells              Type           Power        Failure   Level  Hunger
a - Pain                  Necr           ###.         1%          1    #......
b - Animate Skeleton      Necr           N/A          1%          1    #......


Dungeon Overview and Level Annotations

Branches:
Dungeon (2/15)

Altars:

Annotations:
D:2 Ijyb


Innate Abilities, Weirdness & Mutations

You have razor-sharp teeth.
You have supernaturally acute eyesight. (SInv)
You can survive without breathing.


Message History

The quokka bites you. Ijyb barely misses you.
You closely miss Ijyb.
Ijyb is lightly wounded.
The quokka bites you. Ijyb hits you with a dagger. The quokka bites you.
You closely miss Ijyb.
Ijyb is lightly wounded.
The quokka bites you. Ijyb misses you.
You barely miss Ijyb. Your bite misses Ijyb.
Ijyb is lightly wounded.
The quokka bites you but does no damage.
Ijyb barely misses you.
You hit Ijyb but do no damage.
Ijyb is lightly wounded.
The quokka misses you. Ijyb closely misses you.
You hit Ijyb but do no damage. You bite Ijyb.
Ijyb is lightly wounded.
The quokka bites you.
* * * LOW HITPOINT WARNING * * *
Ijyb hits you with a dagger.
You die...

.......#
...K..# .....
###.....# ...^.
.....gg# >.....
#g....# ......
#.....# #......
#.....# .......
#....g##g...<..
###.#gr@.......
#...###......
#..### ..=..
..... .... ##..
... #... ## ..#


You could see Ijyb, Robin (wandering), a quokka and 2 hobgoblins.

Vanquished Creatures
  An adder (D:2)
  2 dart slugs (D:1)
  A giant gecko (D:1)
  2 giant cockroaches (D:1)
  A goblin (D:1)
  2 hobgoblins (D:1)
  2 jackals (D:1)
  A bat (D:1)
  3 kobolds (D:1)
  4 rats (D:1)
19 creatures vanquished.

Vanquished Creatures (collateral kills)
  A goblin (D:1)
1 creature vanquished.

Grand Total: 20 creatures vanquished

Notes
Turn   | Place    | Note
-------+----------+-------------------------------------------
     0 | D:1      | MrRokkomies the Vampire Necromancer began the quest for the Orb.
     0 | D:1      | Reached XP level 1. HP: 13/13 MP: 3/3
   386 | D:1      | Reached XP level 2. HP: 19/19 MP: 5/5
   389 | D:1      | Learned a level 1 spell: Animate Skeleton
   517 | D:1      | Reached skill level 5 in Necromancy
   786 | D:2      | Noticed Ijyb
   790 | D:2      | Reached XP level 3. HP: 20/24 MP: 0/6
   798 | D:2      | Slain by Ijyb

Vault maps used:
D:1:      dpeg_arrival_boxorama
D:2:      uniq_iyjb, uniq_terence, uniq_natasha, uniq_robin

Skill      XL: |  1  2 |
---------------+-------+-----
Necromancy     | 5 |  5.4
Polearms       | |  0.8
Dodging        | |  2.1
Stealth        | |  3.0
Spellcasting   | |  2.0

Action                   || total
-------------------------++-------
Melee: Spear             ||    51
       Bite              ||     5
 Cast: Pain              ||    11
       Animate Skeleton  ||     2
  Use: Scroll            ||     3
 Stab: Sleeping          ||     4
Armor: Robe              ||     4
Dodge: Dodged            ||    37
